 Dungeon Crawl Stone Soup version 0.28.0-47-ge53b351184 (webtiles) character file.

Game seed: 10847423809571192708

2 Descartes the Sneak (level 1, -1/10 HPs)
             Began as a Felid Delver on May 4, 2022.
             Slain by an iguana (3 damage)
             ... on level 5 of the Dungeon.
             The game lasted 00:00:30 (24 turns).

Descartes the Sneak (Felid Delver)                    Turns: 24, Time: 00:00:31

Health: -1/10      AC:  1    Str:  8    XL:     1   Next: 25%
Magic:  2/2        EV: 17    Int: 11    God:
Gold:   0          SH:  0    Dex: 17    Spells: 0/0 levels left
                                        Lives:  0   Deaths: 0

rFire   . . .      SeeInvis +     - Unarmed
rCold   . . .      Faith    .   (shield unavailable)
rNeg    . . .      Spirit   .   (armour unavailable)
rPois   .          Reflect  .   (helmet unavailable)
rElec   .          Harm     .   (cloak unavailable)
rCorr   .          Rampage  .   (gloves unavailable)
Will    .....                   (boots unavailable)
Stlth   +++.......              (no amulet)
HPRegen 0.03/turn               (no ring)
MPRegen 0.08/turn               (no ring)

@: quick
A: very small, claws 1, fangs 3, see invisible, speed 1, shaggy fur 1, stealthy
paws, no weapons or thrown items, no armour, multi-lived
a: no special abilities


You were on level 5 of the Dungeon.
You visited 1 branch of the dungeon, and saw 1 of its levels.

Inventory:

Wands
 e - a wand of digging (3)
Scrolls
 a - a scroll of fog
 c - a scroll of fear
Potions
 d - a potion of haste


   Skills:
 + Level 3.0 Fighting
 + Level 2.7 Dodging
 + Level 6.6 Stealth
 + Level 2.0 Unarmed Combat


You couldn't memorise any spells.
You didn't know any spells.
Your spell library was empty.

Dungeon Overview and Level Annotations

Branches:
Dungeon (5/15)             Temple (0/1) D:5

Altars:
Uskayaw

Portals:
Ossuary: D:5


Innate Abilities, Weirdness & Mutations

You have sharp claws.
You have razor-sharp teeth.
You have supernaturally acute eyesight. (SInv)
You cover ground quickly. (Speed+)
You are covered in fur. (AC +1)
Your paws help you pounce on unaware monsters.
You are incapable of wielding weapons or throwing items.
You cannot wear armour.
You gain extra lives every three experience levels.


Message History

The iguana is moderately wounded.
The iguana misses you.
You closely miss the iguana. You bite the iguana, but do no damage.
The iguana is moderately wounded.
The iguana closely misses you.
An ogre comes into view. It is wielding a +0 giant spiked club.
You scratch the iguana. You bite the iguana, but do no damage.
The iguana is moderately wounded.
The iguana barely misses you.
You scratch the iguana.
The iguana is moderately wounded.
The adder misses you. The orc hits you but does no damage.
The iguana closely misses you. The adder closely misses you.
You barely miss the iguana.
The iguana is moderately wounded.
The iguana bites you.
Ouch! That really hurt!
The adder completely misses you.
You are too injured to fight recklessly!
You are too injured to fight recklessly!
You are too injured to fight recklessly!
You are too injured to fight recklessly!
The orc closely misses you. The iguana closely misses you.
The iguana barely misses you.
Found a hide-covered altar of Uskayaw.
You scratch the orc.
The orc is almost dead.
The orc misses you.
You scratch the orc but do no damage.
The orc is almost dead.
The orc closely misses you.
You scratch the orc.
You kill the orc!
The orc hits you with a +0 whip.
* * * LOW HITPOINT WARNING * * *
Found a sand-covered staircase.
You scratch the orc.
The orc is lightly wounded.
The iguana bites you.
You die...

,,,,**,,,,,,*,,,,...#.#..........
,,,,,,,,,,,.#.......#............
,,,,,,,,,,,.^..._...^..!.........
,***,,,,,,,,#......,#............
,* **,,,,,,,#.....,,#.........###
****,,,**.,,*,....,,#........##**
*,,,***#..####^####.......##*,,
***,,** #.......l..............,
*,,,,* *#......@ooS............,
,,,,*****.......###..............
**,,,,,,,.......,................
**,,,,,,................#......#
**,,,,,...##..#........##.....,
**,,,,..,,...#.......##*#...,,
**,,,.,,..∩.........#* *#.,,,
**,,,,,#...#........* *,,,,
**,,,,**,*,,,,,,,,,** *,,,,


You could see an iguana, an adder and 2 orcs.

Vanquished Creatures
  An orc (D:5)
1 creature vanquished.

Notes
Turn   | Place    | Note
-------+----------+-------------------------------------------
     0 | D:5      | Descartes the Felid Delver began the quest for the Orb.
     0 | D:5      | Reached XP level 1. HP: 10/10 MP: 2/2
     6 | D:5      | Noticed an iguana
    13 | D:5      | Noticed an ogre
    19 | D:5      | Found a hide-covered altar of Uskayaw.
    23 | D:5      | Found a sand-covered staircase.
    24 | D:5      | Slain by an iguana

Illustrated notes

Levels and vault maps discovered:
D:5:      kennysheep_slugbush, layout_layer_cave, lemuel_tele_altar,
          minmay_temple_entry_glass, nicolae_ossuary_entry_ruins, minmay_holes

Action                   || total
-------------------------++-------
Melee: Unarmed           ||    10
       Bite              ||     3
  Use: Scroll            ||     1
Armor: Skin              ||     1
Dodge: Dodged            ||    13
